 Dungeon Crawl Stone Soup version 0.27.1-34-g3ba077fa99 (webtiles) character file.

Game seed: 12433825519111709223

45 raph the Firebug (level 3, -1/20 HPs)
             Began as a Deep Elf Fire Elementalist on Jan 4, 2022.
             Slain by a phantom (2 damage)
             ... on level 2 of the Dungeon.
             The game lasted 00:04:01 (2322 turns).

raph the Firebug (Deep Elf Fire Elementalist)       Turns: 2322, Time: 00:04:01

Health: -1/20      AC:  2    Str:  5    XL:     3   Next: 42%
Magic:  5/10       EV: 12    Int: 20    God:
Gold:   88         SH:  0    Dex: 15    Spells: 5/9 levels left

rFire    . . .     SeeInvis .   b - +0 short sword
rCold    . . .     Faith    .   (no shield)
rNeg     . . .     Spirit   .   a - +0 robe
rPois    .         Reflect  .   (no helmet)
rElec    .         Harm     .   (no cloak)
rCorr    .         Rampage  .   (no gloves)
Will     .....                  (no boots)
Stlth    ++........             (no amulet)
HPRegen  0.06/turn              (no ring)
MPRegen  0.12/turn              (no ring)

@: about to teleport
A: no striking features
a: no special abilities


You were on level 2 of the Dungeon.
You visited 1 branch of the dungeon, and saw 3 of its levels.

You collected 88 gold pieces.

Inventory:

Hand Weapons
 b - a +0 short sword (weapon)
Armour
 a - a +0 robe (worn)
Scrolls
 c - a scroll of teleportation
 d - a scroll of fear {unknown}
 e - a scroll of amnesia {unknown}
 f - a scroll of identify {unknown}


   Skills:
 + Level 0.6 Fighting
 - Level 2.4 Dodging
 - Level 2.4 Stealth
 + Level 3.5 Spellcasting
 * Level 2.2 Conjurations
 * Level 3.9 Fire Magic


You had 5 spell levels left.
You knew the following spells:

 Your Spells              Type           Power      Damage    Failure   Level
a - Foxfire               Conj/Fire      60%        2x1d7     3%          1
b - Conjure Flame         Conj/Fire      15%        6-21      12%         3

Your spell library contained the following spells:

 Spells                   Type           Power      Damage    Failure   Level
 Inner Flame              Hex/Fire       11%        N/A       19%         3
 Sticky Flame             Conj/Fire      15%        2d4       36%         4
 Fireball                 Conj/Fire      7%         3d5       71%         5


Dungeon Overview and Level Annotations

Branches:
Dungeon (3/15)

Altars:

Shops:
D:1 [?*?*


Message History

Confirm with . or Enter, or press ? or * to list all spells.
You conjure some foxfire!
The rat closely misses you. The phantom hits you.
The phantom blinks!
You blink.
The foxfire hits the rat.
You kill the rat!
The foxfire hits the phantom.
The phantom is heavily damaged.
There is a stone staircase leading down here.
You closely miss the phantom.
The phantom is heavily damaged.
The phantom hits you.
The phantom blinks!
You blink.
The phantom closely misses you. The phantom barely misses you.
There is a stone staircase leading down here.
Casting: Foxfire (safe; 3% risk of failure)
Confirm with . or Enter, or press ? or * to list all spells.
You miscast Foxfire.
You are very lightly contaminated with residual magic.
Nothing appears to happen.
The phantom hits you.
The phantom blinks!
You blink.
There is an open door here.
Your magical contamination has completely faded away.
Casting: Foxfire (safe; 3% risk of failure)
Confirm with . or Enter, or press ? or * to list all spells.
You conjure some foxfire!
The phantom hits you.
The phantom blinks!
You blink.
The foxfire hits the phantom.
The phantom is heavily damaged.
The phantom hits you.
* * * LOW HITPOINT WARNING * * *
The phantom blinks!
You blink.
The foxfire hits the phantom.
The phantom is severely damaged.
The phantom hits you.
* * * LOW HITPOINT WARNING * * *
The phantom blinks!
You blink.
The phantom hits you.
* * * LOW HITPOINT WARNING * * *
As you read the scroll labelled IVANI EDAGELAB, it crumbles to dust.
You feel strangely unstable.
It was a scroll of teleportation.
The phantom hits you.
You die...

#.###.....#####..........#
#...'.....'.# #......(...#
#.###.....#.# ####.......#
#..##.....#.# #.......#
###..###.####.######.......#
......##.####..............#
....#.##.#..'...........####
....#..#.#.##...........#
....##.#.#.##...@W......#
....##.#.#.##...........#
....##...#.##...........#
...###.....##...........#
...# #...#.##...........#
...# #..§################
...# #..>†....# ####
#.######.# #.# #.#


You could see a phantom.

Vanquished Creatures
  An adder (D:2)
  2 dart slugs
  2 ball pythons (D:2)
  3 endoplasms (D:2)
  A giant cockroach (D:2)
  2 goblins
  4 hobgoblins
  4 kobolds
  3 quokkas
  2 bats (D:1)
  6 frilled lizards
  A rat (D:2)
31 creatures vanquished.

Vanquished Creatures (others)
  140 foxfires
140 creatures vanquished.

Grand Total: 171 creatures vanquished

Notes
Turn   | Place    | Note
-------+----------+-------------------------------------------
     0 | D:1      | raph the Deep Elf Fire Elementalist began the quest for the
                  | Orb.
     0 | D:1      | Reached XP level 1. HP: 10/10 MP: 6/6
   223 | D:1      | Found Oxzietec's General Store.
   243 | D:1      | Found Hezuol's Magic Scroll Shoppe.
   315 | D:1      | Found a faded altar of an unknown god.
   491 | D:1      | Found Xitiuned's Magic Scroll Boutique.
   623 | D:1      | Found Romnek's Armour Emporium.
   669 | D:1      | Reached XP level 2. HP: 15/15 MP: 4/8
   779 | D:1      | Found Senemes's General Store.
  1501 | D:2      | Reached XP level 3. HP: 14/20 MP: 5/9
  1505 | D:2      | Learned a level 3 spell: Conjure Flame
  2289 | D:3      | Noticed a phantom
  2320 | D:2      | HP: 1/20 [phantom (4)]
  2322 | D:2      | Slain by a phantom

Illustrated notes

Levels and vault maps discovered:
D:1:      kilobyte_arrival_exit_the_forest, layout_loops_ring,
          chequers_ecumenical_altar_simple, serial_shops, shop,
          nicolae_lakefront_shop, nicolae_shop_crystal, shop, shop
D:2:      layout_basic
D:3:      layout_basic, grunt_temple_overflow_holy_war, minmay_misc_feat_cross

Skill      XL: |  1  2 |
---------------+-------+-----
Conjurations   | 2 |  2.2
Fighting       | |  0.6
Dodging        | |  2.4
Stealth        | |  2.4
Spellcasting   | |  3.5
Fire Magic     | |  3.9

Action                   || total
-------------------------++-------
Melee: Short sword       ||     4
 Cast: Foxfire           ||    82
  Use: Scroll            ||     1
Armor: Robe              ||     2
Dodge: Dodged            ||    14
